 Dungeon Crawl Stone Soup version 0.28.0-53-g5a82cb258f (webtiles) character file.

Game seed: 7290323598661417861

13730 soggyman666 the Grappler (level 11, -1/102 HPs)
             Began as a Troll Fighter on May 23, 2022.
             Was a Follower of Uskayaw.
             Slain by a hornet (11 damage)
             ... on level 10 of the Dungeon on May 24, 2022.
             The game lasted 00:40:36 (8720 turns).

soggyman666 the Grappler (Troll Fighter)            Turns: 8720, Time: 00:40:37

Health: -1/102     AC:  7    Str: 30    XL:     11   Next: 79%
Magic:  13/13      EV: 11    Int:  4    God:    Uskayaw [*.....]
Gold:   262        SH:  9    Dex: 15    Spells: 10/10 levels left

rFire   . . .      SeeInvis .     - Unarmed
rCold   . . .      Faith    .   b - +0 kite shield
rNeg    . . .      Spirit   .   a - +0 robe
rPois   +          Reflect  .   w - +2 hat
rElec   .          Harm     .   x - +0 cloak of Omission {rPois rCorr}
rCorr   +          Rampage  .   (gloves unavailable)
Will    .....      Rnd*Tele +   (boots unavailable)
Stlth   +++.......              f - amulet of regeneration
HPRegen 1.87/turn               l - +6 ring of dexterity
MPRegen 0.13/turn               (no ring)

@: mighty, lethally poisoned (-1 -> -1)
A: large, unfitting armour, claws 3, regeneration 1, shaggy fur 1, tough skin 1,
low MP 1, teleportitis 1, evolution 1
a: Renounce Religion, Stomp


You were on level 10 of the Dungeon.
You worshipped Uskayaw.
Uskayaw was noncommittal.
You visited 1 branch of the dungeon, and saw 10 of its levels.
You also visited: Bailey.

You collected 502 gold pieces.
You spent 240 gold pieces at shops.

Inventory:

Armour
 a - a +0 robe (worn)
 b - a +0 kite shield (worn)
 u - a +0 hat of see invisible
 w - a +2 hat (worn)
 x - the +0 cloak of Omission (worn) {rPois rCorr}
   (You found it on level 10 of the Dungeon)

   rPois:     It protects you from poison.
   rCorr:     It protects you from acid and corrosion.
Jewellery
 f - an amulet of regeneration (around neck)
 l - a +6 ring of dexterity (left claw)
Wands
 n - a wand of flame (8)
 s - a wand of digging (3)
 t - a wand of polymorph (4)
Scrolls
 h - 6 scrolls of teleportation
 q - a scroll of brand weapon
 r - a scroll of amnesia
 v - 2 scrolls of fear
Potions
 c - 2 potions of might
 d - a potion of invisibility
 g - 4 potions of curing
 i - 4 potions of flight
 j - 2 potions of haste
 k - a potion of ambrosia
 m - a potion of resistance
 o - 2 potions of heal wounds
 p - a potion of cancellation {unknown}


   Skills:
 + Level 5.0 Fighting
 + Level 6.4 Dodging
 + Level 4.1 Stealth
 + Level 6.3 Shields
 + Level 12.0 Unarmed Combat
 * Level 7.0 Invocations


You had 10 spell levels left.
You didn't know any spells.
Your spell library contained the following spells:

 Spells                   Type           Power      Damage    Failure   Level
 Beastly Appendage        Tmut           0%         N/A       77%         1
 Magic Dart               Conj           0%         1d3       77%         1
 Pain                     Necr           0%         1d4       77%         1
 Corpse Rot               Necr/Air       0%         N/A       88%         2
 Poisonous Vapours        Pois/Air       0%         N/A       88%         2
 Searing Ray              Conj           0%         2d4       88%         2
 Wereblood                Tmut           0%         N/A       88%         2
 Spider Form              Tmut/Pois      0%         N/A       98%         3
 Fulminant Prism          Conj/Hex       0%         3d6       100%        4
 Agony                    Necr           0%         N/A       100%        5
 Blade Hands              Tmut           0%         N/A       100%        5
 Excruciating Wounds      Necr           0%         N/A       100%        5
 Irradiate                Conj/Tmut      0%         3d14      100%        5
 Conjure Ball Lightning   Conj/Air       0%         3x3d6     100%        6
 Dragon Form              Tmut           0%         N/A       100%        7
 Discord                  Hex            0%         N/A       100%        8
 Disjunction              Tloc           0%         N/A       100%        8


Dungeon Overview and Level Annotations

Branches:
Dungeon (10/15)            Temple (0/1) D:6          Bailey (visited)
   Lair: D:8-11         Orc: D:9-12

Altars:
Gozag
Hepliaklqana
Makhleb
Sif Muna
Uskayaw
Xom

Shops:
D:9 [   D:10 *

Annotations:
D:6 1 runed translucent door, GilGalad's ghost, novice DjFE
D:10 exclusion: obsidian statue


Innate Abilities, Weirdness & Mutations

You are too large for most types of armour.
You have claws for hands.
Your natural rate of healing is unusually fast.
You are covered in fur. (AC +1)
You have tough skin. (AC +1)
Your magical capacity is low. (-10% MP)
You are occasionally teleported next to monsters.
You have hidden genetic potential.


Message History

You barely miss the hornet.
The skeletal warrior hits you from afar with a +0 trident!
The hornet closely misses you. You block the gnoll sergeant's attack.
You scratch the hornet.
The hornet is lightly wounded.
The hornet stings you.
You are poisoned.
You feel yourself slow down.
You block the skeletal warrior's attack.
The gnoll sergeant hits you from afar with a +0 trident.
You block the hornet's attack.
You completely miss the hornet.
The hornet is lightly wounded.
You feel very sick. You block the hornet's attack.
You block the skeletal warrior's attack.
The gnoll sergeant hits you from afar with a +0 trident!
The hornet barely misses you.
The skeletal warrior hits you from afar with a +0 trident!!
The gnoll sergeant hits you from afar with a +0 trident.
You claw the hornet!
The hornet is heavily wounded.
You feel yourself speed up.
You feel sick. You block the hornet's attack.
The skeletal warrior hits you from afar with a +0 trident!
* * * LOW HITPOINT WARNING * * *
The gnoll sergeant hits you from afar with a +0 trident!
* * * LOW HITPOINT WARNING * * *
The hornet stings you!
* * * LOW HITPOINT WARNING * * *
You feel yourself slow down.
You closely miss the hornet.
The hornet is heavily wounded.
You feel sick. The hornet barely misses you.
The skeletal warrior completely misses you.
The gnoll sergeant barely misses you. You block the hornet's attack.
Okay, then.
You feel yourself speed up.
You feel sick. The hornet stings you!
You die...

≈.................######.........
≈................................
≈.........##)#####.....######....
.....)....##.#Z[)#.##..# #..##
....<.(...##.#Ycy#.##..# #..#
..#####...##.#gc)#.##..# #?.#
#.#####...##.##z##.##..# #..##
#.........##..8y8..##..# #....
#...............@.###..# #....
.......................# #....
..####.................# #....
..# #...........###...######....
..# #...######..# #.>...........
..####...######..# #.#########...
.................# #.# #...
.................###.# #...
................###..# #.##


You could see a skeletal warrior, a yak, a hornet, a gnoll sergeant, 2 centaurs
and a howler monkey zombie.

Vanquished Creatures
  2 vault guards (Bailey)
  A two-headed ogre (D:9)
  4 skeletal warriors
  A centaur zombie (D:10)
  4 kobold demonologists
  A troll (D:10)
  Prince Ribbit (Bailey)
  Sigmund (D:4)
  10 yaks
  2 vampires
  6 humans (Bailey)
  Menkaure (D:6)
  3 acid dragons
  A water moccasin (D:7)
  5 orc warriors
  A sky beast (D:8)
  A black bear (D:6)
  3 ogres
  5 centaurs
  A phantom (D:7)
  11 bullfrogs
  6 kobold brigands
  6 scorpions
  A gnoll sergeant (D:9)
  A water moccasin zombie (D:6)
  A water moccasin skeleton (D:6)
  8 killer bees
  A howler monkey (D:8)
  9 wights
  A bullfrog zombie (D:6)
  3 hounds
  A centaur skeleton (D:7)
  3 jellies
  2 bullfrog skeletons
  An orc priest (D:2)
  A scorpion zombie (D:5)
  10 orc wizards
  3 iguanas
  A hound skeleton (D:5)
  A howler monkey zombie (D:6)
  8 gnolls
  7 adders
  3 white imps
  2 worms
  3 dart slugs
  29 orcs
  16 endoplasms
  3 giant cockroaches
  8 goblins
  6 hobgoblins
  10 jackals
  23 kobolds
  5 quokkas
  5 ball pythons
  3 bats (D:1)
  5 frilled lizards
  9 rats
270 creatures vanquished.

Notes
Turn   | Place    | Note
-------+----------+-------------------------------------------
     0 | D:1      | soggyman666 the Troll Fighter began the quest for the Orb.
     0 | D:1      | Reached XP level 1. HP: 22/22 MP: 0/0
   171 | D:1      | Reached XP level 2. HP: 29/29 MP: 1/1
   278 | D:1      | Found a faded altar of an unknown god.
   498 | D:1      | Reached XP level 3. HP: 36/36 MP: 2/2
   838 | D:2      | Reached skill level 3 in Unarmed Combat
   838 | D:2      | Reached XP level 4. HP: 44/44 MP: 3/3
  1046 | D:2      | Reached XP level 5. HP: 48/50 MP: 4/4
  1076 | D:2      | Reached skill level 4 in Unarmed Combat
  1263 | D:3      | You fall into a shaft and drop 2 floors!
  1263 | D:5      | Entered Level 5 of the Dungeon
  1378 | D:5      | Reached XP level 6. HP: 60/61 MP: 5/5
  2364 | D:4      | Reached skill level 5 in Unarmed Combat
  2447 | D:4      | Found a hide-covered altar of Uskayaw.
  2506 | D:4      | Became a worshipper of Uskayaw the Reveller
  2529 | D:4      | Reached * piety under Uskayaw
  2610 | D:4      | Noticed Sigmund
  2617 | D:4      | Reached ** piety under Uskayaw
  2624 | D:4      | Killed Sigmund
  2625 | D:4      | Reached XP level 7. HP: 65/67 MP: 6/6
  3321 | D:5      | Reached skill level 6 in Unarmed Combat
  3623 | D:6      | Reached skill level 1 in Invocations
  3794 | D:6      | Reached XP level 8. HP: 32/74 MP: 8/8
  3796 | D:6      | Reached *** piety under Uskayaw
  3797 | D:6      | Reached **** piety under Uskayaw
  3977 | D:6      | Found a hazy altar of Hepliaklqana.
  4029 | D:6      | Found a runed translucent door.
  4063 | D:6      | Found an opulent altar of Gozag.
  4103 | D:6      | Found a burning altar of Makhleb.
  4109 | D:6      | Reached skill level 7 in Unarmed Combat
  4149 | D:6      | Noticed Menkaure
  4168 | D:6      | Reached ***** piety under Uskayaw
  4170 | D:6      | Reached skill level 1 in Stealth
  4182 | D:6      | Reached ****** piety under Uskayaw
  4191 | D:6      | Killed Menkaure
  4192 | D:6      | Reached skill level 8 in Unarmed Combat
  4192 | D:6      | Reached XP level 9. HP: 67/84 MP: 10/10
  4200 | D:6      | Identified the +7 great sword "Ontemei" {vorpal, rElec
                  | Dex+5}
  4275 | D:6      | Noticed GilGalad's ghost (novice DjFE)
  4473 | D:6      | Found a staircase to the Ecumenical Temple.
  4790 | D:7      | Reached skill level 5 in Dodging
  5292 | D:8      | Found a shimmering altar of Xom.
  5319 | D:8      | Reached skill level 9 in Unarmed Combat
  5345 | D:8      | Noticed a skeletal warrior
  5362 | D:8      | HP: 3/84 [skeletal warrior/+0 scimitar[a skeletal warrior]
                  | (12)]
  5363 | D:8      | Killed a skeletal warrior
  5364 | D:8      | Reached skill level 5 in Shields
  5364 | D:8      | Reached XP level 10. HP: 5/92 MP: 8/12
  5369 | D:8      | Identified the +2 pair of boots of Muttered Phrases {rN+++
                  | Dex-4}
  5369 | D:8      | Noticed a skeletal warrior
  5369 | D:8      | Noticed a skeletal warrior
  5370 | D:8      | Noticed a skeletal warrior
  5439 | D:8      | Killed a skeletal warrior
  5443 | D:8      | Reached skill level 5 in Invocations
  5583 | D:8      | Killed a skeletal warrior
  5584 | D:8      | Reached skill level 10 in Unarmed Combat
  5629 | D:7      | HP: 4/92 [skeletal warrior/+0 battleaxe[a skeletal warrior]
                  | (33)]
  5630 | D:7      | Killed a skeletal warrior
  6503 | D:9      | Found a flagged portal.
  6536 | Bailey   | Entered a bailey
  6618 | Bailey   | Reached XP level 11. HP: 42/101 MP: 14/14
  6721 | Bailey   | Noticed a vault guard
  6814 | Bailey   | Killed a vault guard
  6815 | Bailey   | Reached skill level 11 in Unarmed Combat
  6891 | Bailey   | Noticed a vault guard
  6891 | Bailey   | Noticed Prince Ribbit
  6941 | Bailey   | Gained mutation: Your magical capacity is low. (-10% MP)
                  | [potion of mutation]
  6941 | Bailey   | Gained mutation: You have hidden genetic potential. [potion
                  | of mutation]
  6941 | Bailey   | Gained mutation: You are occasionally teleported next to
                  | monsters. [potion of mutation]
  6956 | Bailey   | Killed a vault guard
  6962 | Bailey   | Killed Prince Ribbit
  7402 | D:9      | Found Gizxo's Armour Shop.
  7433 | D:9      | Bought a +2 hat for 240 gold pieces
  7781 | D:10     | Entered Level 10 of the Dungeon
  7894 | D:10     | Found Dah Isoc's Fire Supplies.
  7966 | D:10     | Found a runed translucent door.
  7967 | D:10     | Noticed a skeletal warrior
  7983 | D:10     | Noticed a two-headed ogre
  7994 | D:10     | Noticed a sixfirhy
  7995 | D:10     | Noticed an obsidian statue
  8034 | D:9      | Killed a two-headed ogre
  8042 | D:10     | Reached skill level 5 in Fighting
  8116 | D:10     | Reached skill level 12 in Unarmed Combat
  8287 | D:10     | Identified the +0 cloak of Omission {rPois rCorr}
  8335 | D:10     | Found a shimmering blue altar of Sif Muna.
  8720 | D:10     | Slain by a hornet

Illustrated notes

Levels and vault maps discovered:
D:1:      psy_arrival_fountain, layout_basic, chequers_ecumenical_altar_twisty
D:2:      layout_basic, corexii_shack
D:3:      layout_basic, minmay_misc_feat_hallway, minmay_misc_feat_enclosed
D:4:      minmay_wonky_spiral, layout_basic, lemuel_doored_altar, uniq_sigmund
D:5:      layout_basic, serial_curves, eino_curves_02, eino_curves_01,
          eino_curves_02, eino_curves_04
D:6:      layout_cave_pods, old_standard_altar, lemuel_tele_altar,
          makhleb_heckhound_becter, minmay_temple_entry_statues_pillars,
          ebering_ghost_reflecting_pool, minmay_joined_circles, uniq_menkaure
D:7:      layout_rooms, st_stairs_14
D:8:      layout_basic, mainiacjoe_overflow_six_doors_small
D:9:      layout_loops_ring, enter_bailey_2, serial_shops, shop
D:10:     layout_small_grid, mainiacjoe_overflow_tiny_flanked,
          nicolae_shop_fire_sale [nicolae_sub_dead_trees], minivault_15,
          minmay_st_funbox

Skill      XL: |  1  2  3  4  5  6  7  8  9 10 11 |
---------------+----------------------------------+-----
Dodging        | 3 4 5 6 |  6.4
Unarmed Combat | 3 4 5 6 8 9 10 12 | 12.0
Shields        | 3 4 5 6 |  6.3
Fighting       | 3 4 5 |  5.0
Invocations    | 1 3 4 6 7 |  7.0
Stealth        | 1 2 3 4 |  4.1

Action                   |  1- 3 |  4- 6 |  7- 9 | 10-12 || total
-------------------------+-------+-------+-------+-------++-------
Melee: Unarmed           |   122 |   238 |   215 |   336 ||   911
Invok: Stomp             |       |       |     2 |     7 ||     9
       Line Pass         |       |       |     2 |       ||     2
  Use: Scroll            |     4 |     2 |     4 |     8 ||    18
       Potion            |       |       |     1 |    16 ||    17
 Stab: Sleeping          |       |     1 |     2 |     6 ||     9
       Paralysed         |       |       |    11 |    21 ||    32
       Distracted        |       |       |       |     1 ||     1
       Fleeing           |       |       |       |     1 ||     1
       Invisible         |       |       |       |     1 ||     1
Armor: Robe              |    48 |    36 |    46 |    52 ||   182
Dodge: Dodged            |    49 |    78 |    68 |   114 ||   309
Block: Kite shield       |    38 |    74 |    88 |   152 ||   352
